 Dungeon Crawl Stone Soup version 0.28-a0-1234-g826d19b2e0 (webtiles) character file.

Game seed: 17113565654258278587

3482 bearlyready the Tainter (level 9, -18/73 (74) HPs)
             Began as a Demonspawn Venom Mage on Dec 23, 2021.
             Was an Initiate of Ashenzari.
             Killed from afar by an acid dragon (39 damage)
             ... with a splash of acid
             ... on level 8 of the Dungeon.
             The game lasted 00:26:36 (13917 turns).

bearlyready the Tainter (Demonspawn Venom Mage)    Turns: 13917, Time: 00:26:36

HP:   -18/73 (74)   AC:  1    Str:  9    XL:     9   Next: 79%
MP:   8/12          EV: 20    Int: 18    God:    Ashenzari [......]
Gold: 301           SH:  0    Dex: 16    Spells: 5/12 levels left

rFire   . . .      SeeInvis .   L - +1 short sword (elec)
rCold   . . .      Faith    .   (no shield)
rNeg    . . .      Spirit   .   b - +0 robe {Archmagi}
rPois   .          Reflect  .   j - +0 helmet
rElec   .          Harm     .   (no cloak)
rCorr   .          Rampage  .   (no gloves)
Will    .....      Archmagi +   (no boots)
Stlth   ++........              (no amulet)
HPRegen 0.22/turn               x - +4 ring of evasion
MPRegen 0.13/turn               Y - +4 ring of evasion

@: corroded, lightly drained
A: yellow scales 1, foul stench 2, weakness stinger 2
a: Renounce Religion, Curse Item


You were on level 8 of the Dungeon.
You worshipped Ashenzari.
Ashenzari was noncommittal.
You visited 1 branch of the dungeon, and saw 8 of its levels.
You also visited: Sewer.

You collected 301 gold pieces.

Inventory:

Hand Weapons
 a - a +1 scimitar of freezing
 e - a +0 hunting sling
 A - a +2 falchion of flaming
 F - a +0 hand crossbow
 L - a +1 short sword of electrocution (weapon)
 M - a +0 short sword of venom
 W - a +0 quarterstaff
Missiles
 m - 6 curare-tipped darts
 p - 344 stones
 t - 77 sling bullets
 z - 59 bolts
 B - 5 datura-tipped darts
 P - 9 boomerangs
 T - 58 poisoned darts (quivered)
Armour
 b - a +0 robe of the Archmagi (worn)
 j - a +0 helmet (worn)
Jewellery
 n - a +6 ring of dexterity
 x - a +4 ring of evasion (left hand)
 E - a ring of poison resistance
 Y - a +4 ring of evasion (right hand)
Scrolls
 c - a scroll of holy word
 d - 2 scrolls of magic mapping
 l - a scroll of silence {unknown}
 s - 3 scrolls of noise
 w - 4 scrolls of fog
 C - a scroll of immolation
 D - 2 scrolls of enchant armour
 H - a scroll of torment
 O - a scroll of enchant weapon {unknown}
 U - 2 scrolls of teleportation
 V - 2 scrolls of blinking
Potions
 f - 3 potions of flight {unknown}
 g - 4 potions of haste
 h - 2 potions of attraction
 k - a potion of brilliance
 o - a potion of magic
 r - a potion of ambrosia {unknown}
 u - 3 potions of might
 G - a potion of degeneration {unknown}
 I - 3 potions of heal wounds
 J - 4 potions of mutation
 K - a potion of resistance
 Z - 2 potions of curing


   Skills:
 + Level 8.2 Fighting
 - Level 1.7 Dodging
 - Level 1.7 Stealth
 - Level 2.0 Spellcasting
 - Level 4.0 Transmutations
 + Level 10.9 Poison Magic


You had 5 spell levels left.
You knew the following spells:

 Your Spells              Type           Power      Damage    Failure   Level
a - Sting                 Tmut/Pois      100%       1d8       1%          1
b - Olgreb's Toxic Radia  Pois           57%        N/A       1%          4
c - Poisonous Vapours     Pois/Air       64%        N/A       3%          2

Your spell library contained the following spells:

 Spells                   Type           Power      Damage    Failure   Level
 Mephitic Cloud           Conj/Pois/Air  22%        N/A       12%         3
 Magic Dart               Conj           8%         1d3       19%         1
 Summon Small Mammal      Summ           8%         N/A       19%         1
 Call Imp                 Summ           2%         N/A       26%         2
 Corpse Rot               Necr/Air       4%         N/A       26%         2
 Sublimation of Blood     Necr           2%         N/A       26%         2
 Call Canine Familiar     Summ           2%         N/A       47%         3
 Summon Guardian Golem    Hex/Summ       2%         N/A       47%         3
 Petrify                  Tmut/Erth      13%        N/A       61%         4
 Irradiate                Conj/Tmut      6%         3d16      91%         5


Dungeon Overview and Level Annotations

Branches:
Dungeon (8/15)             Temple (0/1) D:7           Sewer (visited)
   Lair: D:8-11

Altars:
Ashenzari
Dithmenos
Elyvilon
Makhleb
Okawaru
Qazlal
Uskayaw
Wu Jian
Xom
Zin
The Shining One

Annotations:
D:2 1 runed translucent door, Crazy Yiuf
D:7 2 runed translucent doors, RancidPinata's ghost, weakling GrDe


Innate Abilities, Weirdness & Mutations

You are partially covered in yellow scales. (AC +2)
You sometimes emit foul miasma when damaged in melee.
You have a tail ending in a sharp stinger.


Message History

You hit the acid dragon but do no damage.
The acid dragon is severely wounded.
The acid dragon closely misses you. The acid dragon claws you.
You closely miss the acid dragon.
The acid dragon is severely wounded.
The acid dragon looks more healthy.
The acid dragon bites you! The acid dragon misses you.
Casting: Sting (safe; 1% risk of failure)
Confirm with . or Enter, or press ? or * to list all spells.
Aiming: Sting (safe; 1% risk of failure)
Press: ? - help, Shift-Dir - straight line, f/p - acid dragon
Aim: an acid dragon (severely wounded, 78% to hit)
You feel a surge of power!
The sting hits the acid dragon but does no damage.
The acid dragon is poisoned.
The acid dragon is severely wounded.
The acid dragon misses you. The acid dragon completely misses you.
Casting: Sting (safe; 1% risk of failure)
Confirm with . or Enter, or press ? or * to list all spells.
Aiming: Sting (safe; 1% risk of failure)
Press: ? - help, Shift-Dir - straight line, f/p - acid dragon
Aim: an acid dragon (severely wounded, poisoned, 78% to hit)
You feel a surge of power!
The sting misses the acid dragon.
You are no longer corroded.
The acid dragon spits acid at you. The splash of acid hits you!!
* * * LOW HITPOINT WARNING * * *
The acid corrodes you!
You hear a shout!
Casting: Sting (safe; 1% risk of failure)
Confirm with . or Enter, or press ? or * to list all spells.
Aiming: Sting (safe; 1% risk of failure)
Press: ? - help, Shift-Dir - straight line, f/p - acid dragon
Aim: an acid dragon (severely wounded, poisoned, 78% to hit)
Okay, then.
You feel much better. The acid dragon spits acid at you.
The splash of acid hits you!!!
Ouch! That really hurt!
You die...

#............... #.
...##.........# #.
#..# ##..)_...##
#####.
....##.........##..
#....S
...............$.
#.##..
.....##.....##..#
#<###.
##..###..#..## #
#.# #.
#..##..###..##.###
#.# #.
#.....D###@.......
#.# #.
####.#..#D..?.....
#.# #.
#.#...........? #.#
#. #.##...........
#.# #. #
............. #.#
###...........
+...........
#.....>.....
#########..


You could see an acid dragon (poisoned, catching breath).

Vanquished Creatures
  A hornet (D:7)
  2 water moccasins (D:7)
  2 ice beasts
  A black bear (D:6)
  2 sky beasts
  4 ogres
  2 centaurs
  4 kobold brigands
  A bullfrog (D:5)
  A gnoll sergeant (D:5)
  A scorpion (D:5)
  5 killer bees (D:7)
  4 wights
  A howler monkey (D:6)
  A centaur zombie (D:5)
  A bullfrog zombie (D:7)
  2 bullfrog skeletons
  5 orc priests
  2 hounds
  3 iguanas
  Natasha (thrice) (D:3)
  11 orc wizards
  2 hound skeletons (D:4)
  A howler monkey zombie (D:7)
  A howler monkey skeleton (D:5)
  8 adders
  10 gnolls
  5 river rats
  A white imp (D:7)
  5 worms
  48 orcs
  6 ball pythons
  5 bats
  14 endoplasms
  3 giant cockroaches
  6 goblins
  7 hobgoblins
  3 jackals (D:1)
  4 quokkas
  6 frilled lizards
  34 kobolds
  31 rats
259 creatures vanquished.

Vanquished Creatures (others)
  3 withered plants (D:8)
3 creatures vanquished.

Grand Total: 262 creatures vanquished

Notes
Turn   | Place    | Note
-------+----------+-------------------------------------------
     0 | D:1      | bearlyready the Demonspawn Venom Mage began the quest for
                  | the Orb.
     0 | D:1      | Reached XP level 1. HP: 13/13 MP: 3/3
    20 | D:1      | Reached skill level 1 in Transmutations
   210 | D:1      | Gained mutation: You are partially covered in yellow
                  | scales. (AC +2) [demonic ancestry]
   210 | D:1      | Reached XP level 2. HP: 13/19 MP: 1/5
  1193 | D:1      | Gained mutation: You have a small tail. [demonic ancestry]
  1193 | D:1      | Reached XP level 3. HP: 24/24 MP: 3/6
  2101 | D:2      | Found a runed translucent door.
  2102 | D:2      | Noticed Crazy Yiuf
  2629 | D:3      | Reached skill level 4 in Poison Magic
  2814 | D:3      | Noticed Natasha
  2821 | D:3      | Killed Natasha
  2822 | D:3      | Gained mutation: You may rarely emit foul miasma when
                  | damaged in melee. [demonic ancestry]
  2822 | D:3      | Reached XP level 4. HP: 16/30 MP: 4/7
  2831 | D:3      | Noticed Natasha
  2839 | D:3      | Killed Natasha
  3029 | D:3      | Noticed Natasha
  3037 | D:3      | Killed Natasha
  3176 | D:3      | Reached XP level 5. HP: 9/35 MP: 4/8
  4057 | D:3      | Reached skill level 5 in Poison Magic
  4165 | D:3      | Learned a level 4 spell: Olgreb's Toxic Radiance
  4168 | D:3      | Learned a level 2 spell: Poisonous Vapours
  4298 | D:3      | Found a faded altar of an unknown god.
  4378 | D:3      | Found a faded altar of an unknown god.
  5028 | D:4      | Gained mutation: You have a tail ending in a sharp stinger.
                  | [demonic ancestry]
  5028 | D:4      | Reached XP level 6. HP: 36/41 MP: 5/9
  5049 | D:4      | Found a glowing drain.
  5084 | Sewer    | Entered a sewer
  6059 | Sewer    | Reached skill level 6 in Poison Magic
  7152 | D:4      | Reached XP level 7. HP: 37/46 MP: 3/10
  7527 | D:4      | Reached skill level 7 in Poison Magic
  7980 | D:4      | Reached skill level 1 in Fighting
  8150 | D:5      | Entered Level 5 of the Dungeon
  9145 | D:5      | Gained mutation: You sometimes emit foul miasma when
                  | damaged in melee. [demonic ancestry]
  9145 | D:5      | Reached XP level 8. HP: 58/58 MP: 3/11
  9159 | D:5      | Reached skill level 8 in Poison Magic
  9244 | D:5      | Found a burning altar of Makhleb.
  9793 | D:5      | Found a stormy altar of Qazlal.
 10408 | D:5      | Reached skill level 5 in Fighting
 10571 | D:6      | Found an ornate altar of the Wu Jian Council.
 10630 | D:6      | Reached skill level 9 in Poison Magic
 11672 | D:6      | Found a shimmering altar of Xom.
 11672 | D:6      | Found a faded altar of an unknown god.
 11680 | D:6      | Found an iron altar of Okawaru.
 11682 | D:6      | Found a faded altar of an unknown god.
 11684 | D:6      | Found a broken altar of Ashenzari.
 11700 | D:6      | Became a worshipper of Ashenzari the Shackled
 11758 | D:7      | Reached XP level 9. HP: 69/69 MP: 3/12
 11939 | D:7      | Found a hide-covered altar of Uskayaw.
 12297 | D:7      | Found a large runed translucent door.
 12297 | D:7      | Found a large runed translucent door.
 12298 | D:7      | Noticed RancidPinata's ghost (weakling GrDe)
 12392 | D:7      | Reached skill level 10 in Poison Magic
 12394 | D:7      | Found a staircase to the Ecumenical Temple.
 13418 | D:8      | Noticed a troll
 13805 | D:8      | Found a shadowy altar of Dithmenos.
 13917 | D:8      | Killed from afar by an acid dragon

Illustrated notes

Levels and vault maps discovered:
D:1:      dpeg_arrival_windows_large_door, layout_loops_ring,
          minmay_misc_feat_roman, kennysheep_another_room, minmay_bisected
D:2:      layout_loops_corners, uniq_crazy_yiuf_cottage
D:3:      layout_basic, tso_metal_star, nicolae_overflow_ecumenical_swirl,
          hellmonk_ecumenical_altar_inner_sanctum, kennysheep_generic_room_9,
          uniq_natasha
D:4:      layout_basic, portal_sewer_entry_e, chequers_serial_rivers_small_3
D:5:      layout_layer_cave, grunt_qazlal_clouds,
          mainiacjoe_overflow_surrounded_room, kennysheep_mini,
          grunt_ministairs_15
D:6:      layout_basic, lemuel_tele_altar, chequers_temple_overflow_minitemple,
          sigmund_army
D:7:      layout_loops_cross, mainiacjoe_overflow_six_doors_small,
          minmay_temple_entry_sparse_star, ebering_ghost_disaster_area,
          hangedman_decor_points
D:8:      layout_basic, kiku_gazebo_garden_becter,
          nicolae_sif_muna_little_library, nicolae_dithmenos_shadow_blocks,
          erik_lair_island, minmay_crystal_room, hangedman_decor_push

Skill      XL: |  1  2  3  4  5  6  7  8  9 |
---------------+----------------------------+-----
Transmutations | 1 2 3 4 |  4.0
Poison Magic   | 4 5 6 7 9 10 | 10.9
Fighting       | 3 6 8 |  8.2
Dodging        | |  1.7
Stealth        | |  1.7
Spellcasting   | |  2.0

Action                   |  1- 3 |  4- 6 |  7- 9 || total
-------------------------+-------+-------+-------++-------
Melee: Dagger            |    48 |     9 |       ||    57
       Tailslap          |     3 |     4 |    35 ||    42
       Whip              |       |    97 |    25 ||   122
       Short sword       |       |       |   281 ||   281
Throw: Dart              |       |       |     2 ||     2
 Cast: Sting             |    64 |   122 |    24 ||   210
       Olgreb's Toxic Ra |       |     5 |    39 ||    44
Evoke: Wand              |       |       |    10 ||    10
  Use: Scroll            |       |     2 |    10 ||    12
       Potion            |       |     8 |     2 ||    10
 Stab: Sleeping          |     2 |     4 |       ||     6
       Distracted        |       |       |     2 ||     2
Armor: Robe              |    24 |    61 |    76 ||   161
Dodge: Dodged            |    44 |   112 |   282 ||   438

Table legend: (Time is in decaauts)
 A = Elapsed time spent in this place.
 B = Non-inter-level travel time spent in this place.
 C = Inter-level travel time spent in this place.
 D = Time resting spent in this place.
 E = Time spent auto-exploring this place.
 F = Levels seen in this place.
 G = Mean time per level.
                   A        B        C        D        E       F      G
               +--------+--------+--------+--------+--------+-----+--------+
         Total |  13967 |  13583 |    384 |   1182 |   9839 |   9 | 1551.9 |
       Dungeon |  12384 |  12000 |    384 |    910 |   8885 |   8 | 1548.0 |
         Sewer |   1583 |   1583 |      0 |    272 |    953 |   1 | 1583.0 |
               +--------+--------+--------+--------+--------+-----+--------+

Top non-repeatable levels by time:
     D:5: 2516 daAuts
     D:3: 2108 daAuts
     D:7: 1930 daAuts
   Sewer: 1583 daAuts
     D:2: 1557 daAuts
     D:4: 1518 daAuts
     D:1: 1425 daAuts
     D:6: 1053 daAuts
     D:8: 272 daAuts
